 Dungeon Crawl Stone Soup version 0.30-a0-122-g2a1322497e (webtiles) character file.

Game seed: 18129996935501640712

37 IdlyInterested the Twirler (level 3, 0/28 HPs)
             Began as a Demonspawn Gladiator on Sept 16, 2022.
             Slain by a gnoll
             ... wielding a +0 whip
              (1 damage)
             ... on level 2 of the Dungeon.
             The game lasted 00:02:16 (703 turns).

IdlyInterested the Twirler (Demonspawn Gladiator)    Turns: 703, Time: 00:02:17

Health: 0/28       AC:  6    Str: 14    XL:     3   Next: 23%
Magic:  3/3        EV: 12    Int: 11    God:
Gold:   56         SH:  0    Dex: 14    Spells: 2/2 levels left

rFire   . . .      SeeInvis .    a - +0 quarterstaff
rCold   . . .      Faith    .    (shield currently unavailable)
rNeg    . . .      Spirit   .    b - +0 leather armour
rPois   .          Reflect  .    c - +0 helmet
rElec   .          Harm     .    (no cloak)
rCorr   .          Rampage  .    (no gloves)
Will    .....                    (no boots)
Stlth   +.........               (no amulet)
HPRegen 0.09/turn                (no ring)
MPRegen 0.08/turn                (no ring)

@: no status effects
A: claws 1, icy blue scales 1
a: no special abilities


You were on level 2 of the Dungeon.
You visited 1 branch of the dungeon, and saw 2 of its levels.

You collected 56 gold pieces.

Inventory:

Hand Weapons
 a - a +0 quarterstaff (weapon)
 g - a +1 mace of protection
 h - a +0 spear
Missiles
 d - 3 throwing nets (quivered)
 e - a javelin
 l - 2 boomerangs
Armour
 b - a +0 leather armour (worn)
 c - a +0 helmet (worn)
Scrolls
 f - a scroll of torment {unknown}
 i - a scroll of teleportation {unknown}
 j - a scroll of identify {unknown}


   Skills:
 * Level 2.8 Fighting
 + Level 3.0 Staves
 - Level 1.7 Throwing
 - Level 2.6 Dodging
 * Level 1.6 Evocations


You had 2 spell levels left.
You didn't know any spells.
Your spell library contained the following spells:

 Spells                   Type           Power      Damage    Failure   Level
 Scorch                   Fire           0%         2d5       56%         2
 Kindle Blastsparks       Fire/Tloc/Air  0%         2d10      80%         3
 Flame Wave               Conj/Fire      0%         2d4       99%         4
 Fulminant Prism          Conj/Hex       0%         3d6       99%         4
 Iskenderun's Mystic Bla  Conj/Tloc      0%         2d3       99%         4
 Lee's Rapid Deconstruct  Erth           0%         3d5*      100%        5
 Summon Cactus Giant      Summ           0%         N/A       100%        6


Dungeon Overview and Level Annotations

Branches:
Dungeon (2/15)

Altars:


Innate Abilities, Weirdness & Mutations

You have sharp fingernails.
You are partially covered in icy blue scales. (AC +2)


Message History

You feel clever. x2; Your demonic ancestry asserts itself...
Your fingernails lengthen.
It was a potion of curing.
You feel better. The ball python bites you. The ball python constricts you.
You barely miss the ball python. The ball python misses you.
The ball python constricts you.
You sock the ball python!
You kill the ball python!
The bat misses you.
You hit the bat.
You kill the bat!
The gnoll completely misses you.
Things that are here:
a bat corpse; a ball python corpse You see here a metallic silvery potion.
The gnoll closely misses you.
You hit the gnoll.
The gnoll is moderately wounded.
The gnoll hits you but does no damage. x2; The gnoll misses you. x2
You hit the gnoll.
The gnoll is moderately wounded.
The gnoll completely misses you.
The gnoll hits you from afar with a +0 spear.
The gnoll closely misses you.
You hit the gnoll.
The gnoll is moderately wounded.
The gnoll hits you but does no damage. x2
The gnoll hits you with a +0 spear.
* * * LOW HITPOINT WARNING * * *
The gnoll hits you but does no damage.
You barely miss the gnoll.
The gnoll is moderately wounded.
The gnoll barely misses you. The gnoll hits you with a +0 whip.
* * * LOW HITPOINT WARNING * * *
You hit the gnoll.
The gnoll is severely wounded.
The gnoll hits you from afar with a +0 spear.
* * * LOW HITPOINT WARNING * * *
The gnoll hits you but does no damage. The gnoll hits you with a +0 whip.
You die...

#..............
####..........###.
............(....
#..)...<########. #
#.##.#.....#####.
#.#.####....#.#.........
.......g..#.....#.......
###..g.#!..#...........
. ####@#g#.....#.......
. #g#.#.#........... .
.......)#.............
............########## #
####.......... .#
#......#$##. .#
#......+.# .# .#
#..[...### . ## #(.....#


You could see 3 gnolls.

Vanquished Creatures
  A gnoll (D:2)
  A dart slug (D:1)
  A ball python (D:2)
  3 bats
  5 endoplasms
  A giant cockroach (D:1)
  2 goblins (D:1)
  A hobgoblin (D:1)
  A kobold (D:1)
  A quokka (D:1)
  6 rats
23 creatures vanquished.

Notes
Turn   | Place    | Note
-------+----------+-------------------------------------------
     0 | D:1      | IdlyInterested the Demonspawn Gladiator began the quest for
                  | the Orb.
     0 | D:1      | Reached XP level 1. HP: 16/16 MP: 1/1
    83 | D:1      | Reached skill level 1 in Evocations
    83 | D:1      | Gained mutation: You are partially covered in icy blue
                  | scales. (AC +2) [demonic ancestry]
    83 | D:1      | Reached XP level 2. HP: 23/23 MP: 2/2
   346 | D:1      | Found a faded altar of an unknown god.
   690 | D:2      | Reached skill level 3 in Staves
   690 | D:2      | Gained mutation: You have sharp fingernails. [demonic
                  | ancestry]
   690 | D:2      | Reached XP level 3. HP: 8/28 MP: 3/3
   703 | D:2      | HP: 1/28 [gnoll/+0 spear (1)]
   703 | D:2      | Slain by a gnoll

Illustrated notes

Levels and vault maps discovered:
D:1:      tarquinn_simple_flora_water_d, layout_rooms,
          chequers_ecumenical_altar_twisty, hangedman_decor_push
D:2:      layout_basic, basic_altar

Skill      XL: |  1  2 |
---------------+-------+-----
Evocations     | 1 |  1.6
Staves         | 3 |  3.0
Fighting       | |  2.8
Throwing       | |  1.7
Dodging        | |  2.6

Action                   || total
-------------------------++-------
Melee: Quarterstaff      ||    53
  Use: Potion            ||     1
 Stab: Sleeping          ||     1
Armor: Leather armour    ||    27
Dodge: Dodged            ||    50

Table legend: (Time is in decaauts)
 A = Elapsed time spent in this place.
 B = Non-inter-level travel time spent in this place.
 C = Inter-level travel time spent in this place.
 D = Time resting spent in this place.
 E = Time spent auto-exploring this place.
 F = Levels seen in this place.
 G = Mean time per level.
                   A        B        C        D        E       F      G
               +--------+--------+--------+--------+--------+-----+--------+
         Total |    711 |    633 |     78 |      0 |    404 |   2 |  355.5 |
       Dungeon |    711 |    633 |     78 |      0 |    404 |   2 |  355.5 |
               +--------+--------+--------+--------+--------+-----+--------+

Top non-repeatable levels by time:
     D:1: 629 daAuts
     D:2: 82 daAuts
